 Dungeon Crawl Stone Soup version 0.28.0-53-g5a82cb258f (webtiles) character file.

Game seed: 16923439623588404610

51 Zeld the Skirmisher (level 3, -4/31 HPs)
             Began as a Palentonga Fighter on May 22, 2022.
             Killed from afar by Ijyb (15 damage)
             ... with an iceblast
             ... on level 3 of the Dungeon.
             The game lasted 00:02:09 (1759 turns).

Zeld the Skirmisher (Palentonga Fighter)            Turns: 1759, Time: 00:02:10

Health: -4/31      AC:  6    Str: 21    XL:     3   Next: 58%
Magic:  3/3        EV:  7    Int:  8    God:
Gold:   86         SH:  4    Dex:  9    Spells: 2/2 levels left

rFire   . . .      SeeInvis +   a - +0 war axe
rCold   . . .      Faith    .   c - +0 buckler
rNeg    . . .      Spirit   .   b - +0 scale mail
rPois   .          Reflect  .   (no helmet)
rElec   .          Harm     .   (no cloak)
rCorr   .          Rampage  .   (no gloves)
Will    .....                   (no barding)
Stlth   ..........              (no amulet)
HPRegen 0.10/turn               (no ring)
MPRegen 0.08/turn               (no ring)

@: no status effects
A: large, rugged brown scales 3, see invisible, deformed body, roll 1, armoured
tail
a: Rolling Charge


You were on level 3 of the Dungeon.
You visited 1 branch of the dungeon, and saw 3 of its levels.

You collected 86 gold pieces.

Inventory:

Hand Weapons
 a - a +0 war axe (weapon)
Armour
 b - a +0 scale mail (worn)
 c - a +0 buckler (worn)
Scrolls
 e - a scroll of brand weapon {unknown}
 f - a scroll of identify {unknown}
 g - a scroll of teleportation {unknown}
 i - a scroll of fear {unknown}
Potions
 d - 2 potions of might
 h - a potion of magic {unknown}


   Skills:
 * Level 3.5 Fighting
 * Level 2.5 Axes
 + Level 2.7 Armour
 + Level 0.8 Dodging
 * Level 2.7 Shields


You had 2 spell levels left.
You didn't know any spells.
Your spell library was empty.

Dungeon Overview and Level Annotations

Branches:
Dungeon (3/15)

Altars:

Annotations:
D:2 1 runed translucent door, Crazy Yiuf
D:3 Ijyb


Innate Abilities, Weirdness & Mutations

You are completely covered in rugged brown scales. (AC +3, +7% HP)
You have supernaturally acute eyesight. (SInv)
Armour fits poorly on your strangely shaped body.
You can roll at nearby foes to attack.
You have a long armoured tail.


Message History

You closely miss the quokka. The quokka closely misses you.
The quokka bites you.
You slash the quokka!
You kill the quokka!
The rat bites you but does no damage.
You hit the rat.
You kill the rat!
No target in view!
A frilled lizard comes into view.
A frilled lizard is nearby!
A frilled lizard is nearby!
The frilled lizard hisses angrily.
You roll forward with a clatter of scales!
You miss the frilled lizard.
You hear a shout!
You hear an angry hiss.
The frilled lizard bites you.
You barely miss the frilled lizard. The frilled lizard barely misses you.
The frilled lizard bites you.
A frilled lizard is nearby!
You closely miss the frilled lizard. You tail-slap the frilled lizard.
The frilled lizard is heavily wounded.
Ijyb the Twisted Goblin comes into view.
She is wielding a +0 dagger and carrying a wand of iceblast (7).
The frilled lizard bites you but does no damage.
There are monsters nearby!
There are monsters nearby!
You barely miss the frilled lizard.
Your tail-slap misses the frilled lizard.
The frilled lizard is heavily wounded.
The frilled lizard bites you but does no damage.
There are monsters nearby!
You hit the frilled lizard.
You kill the frilled lizard!
Ijyb zaps a wand.
The mass of ice explodes!
The iceblast engulfs you!
You hear a shout!
You hear an angry hiss. x2; You hear a shout!
Unknown command.
Ijyb screams, "Me stronger than you!"
There is a stone staircase leading up here.
There are no items here.
Ijyb zaps a wand.
The mass of ice explodes!
The iceblast engulfs you!
You die...

. #######
....##.....#
...........#######
....##...........#
....#.....##......
..................
#####......##......
#......†.........#
#......@.........#
#.#######.g.#....#
######..#.###
#.........#
#......#.##
....g..##...
....... ..##
#...... ... #.#.###
.##.


You could see Ijyb.

Vanquished Creatures
  A worm (D:2)
  5 ball pythons
  2 bats (D:1)
  4 endoplasms
  A giant cockroach (D:3)
  6 goblins
  4 hobgoblins
  7 quokkas
  5 frilled lizards
  6 kobolds
  4 rats
45 creatures vanquished.

Notes
Turn   | Place    | Note
-------+----------+-------------------------------------------
     0 | D:1      | Zeld the Palentonga Fighter began the quest for the Orb.
     0 | D:1      | Reached XP level 1. HP: 19/19 MP: 1/1
    26 | D:1      | Reached XP level 2. HP: 18/25 MP: 2/2
   675 | D:2      | Found a faded altar of an unknown god.
   689 | D:2      | Reached XP level 3. HP: 29/31 MP: 3/3
  1559 | D:2      | Found a runed translucent door.
  1560 | D:2      | Noticed Crazy Yiuf
  1751 | D:3      | Noticed Ijyb
  1759 | D:3      | Killed from afar by Ijyb

Illustrated notes

Levels and vault maps discovered:
D:1:      dpeg_arrival_long_road, layout_basic
D:2:      layout_loops_ring, nicolae_ecumenical_pavilion,
          uniq_crazy_yiuf_cottage
D:3:      layout_rooms, st_stairs_3, chequers_serial_rivers_room_b, uniq_ijyb

Action                   || total
-------------------------++-------
Melee: War axe           ||    91
       Tailslap          ||    10
 Abil: Rolling Charge    ||    21
Armor: Scale mail        ||    31
Dodge: Dodged            ||    27
Block: Buckler           ||    13
